 Seeded DCSS version 0.30.1-4-g462c640d31 (webtiles) character file.

Game seed: 6351066067085065685 (custom seed)

61 Esekla the Grave Robber (level 3, -2/19 HPs)
             Began as a Deep Elf Necromancer on Aug 22, 2023.
             Was a Follower of Vehumet.
             Slain by an iguana (11 damage)
             ... on level 2 of the Dungeon.
             The game lasted 00:10:53 (1590 turns).

Esekla the Grave Robber (Deep Elf Necromancer)      Turns: 1590, Time: 00:10:54

Health: -2/19      AC:  4    Str:  5    XL:     3   Next: 83%
Magic:  6/9        EV: 13    Int: 21    God:    Vehumet [*.....]
Gold:   152        SH:  0    Dex: 15    Spells: 0/8 levels left

rFire   . . .        a - +3 dagger (speed)
rCold   . . .        (no shield)
rNeg    . . .        p - +0 robe
rPois   .            g - +0 helmet
rElec   .            (no cloak)
rCorr   .            i - +0 pair of gloves
SInv    .            (no boots)
Will    .....        (no amulet)
Stlth   ++           (no ring)
HPRegen 0.23/turn    (no ring)
MPRegen 0.11/turn

%: no passive effects
@: no status effects
A: no striking features
a: Renounce Religion


You were on level 2 of the Dungeon.
You worshipped Vehumet.
Vehumet was aware of your devotion.
You visited 1 branch of the dungeon, and saw 4 of its levels.

You collected 152 gold pieces.

Inventory:

Hand Weapons
 a - a +3 dagger of speed (weapon)
 r - a +0 spear
 s - the +5 rapier of the Hero {heavy, rN+ Dex+3}
   (You found it on level 3 of the Dungeon)

   Dex:       It affects your dexterity (+3).
   rN:        It protects you from negative energy.
Missiles
 u - 9 poisoned darts (quivered)
Armour
 g - a +0 helmet (worn)
 i - a +0 pair of gloves (worn)
 p - a +0 robe (worn)
Wands
 c - a wand of roots (9)
Scrolls
 f - a scroll of identify {unknown}
 k - a scroll of amnesia {unknown}
 l - a scroll of enchant armour {unknown}
 m - a scroll of immolation {unknown}
 n - a scroll of fog {unknown}
 o - a scroll of blinking {unknown}
Potions
 b - a potion of magic
 d - a potion of ambrosia {unknown}
 e - a potion of mutation {unknown}
 h - 2 potions of curing {unknown}
 j - 2 potions of attraction {unknown}
 q - a potion of heal wounds {unknown}
 t - 2 potions of brilliance {unknown}


   Skills:
 + Level 0.1 Short Blades
 * Level 3.9 Dodging
 + Level 2.9 Stealth
 * Level 3.3 Spellcasting
 * Level 5.4 Necromancy
 * Level 0.1 Translocations


You couldn't memorise any spells.
You knew the following spells:

 Your Spells              Type           Power      Damage    Failure   Level
a - Necrotise             Necr           100%       1d9       1%          1
b - Sandblast             Erth           6%         2d5       13%         1
d - Vampiric Draining     Necr           26%        2d7       4%          3
t - Teleport Other        Tloc           4%         N/A       36%         3

Your spell library contained the following spells:

 Spells                   Type           Power      Damage    Failure   Level
 Animate Dead             Necr           26%        N/A       14%         4
 Lesser Beckoning         Tloc           8%         N/A       19%         2
 Gell's Gravitas          Tloc           4%         N/A       36%         3
 Agony                    Necr           26%        N/A       36%         5


Dungeon Overview and Level Annotations

Branches:
Dungeon (4/15)
 Temple: D:4-7

Altars:
Okawaru
Vehumet
Zin

Shops:
D:2 =


Message History

The spell is quite dangerous to miscast (4% risk of failure)!
Continue anyway?
Aiming: Vampiric Draining (quite dangerous; 4% risk of failure)
Press: ? - help, Shift-Dir - straight line, f - gnoll
Aim: a gnoll, wielding a +0 spear (heavily wounded)
You draw life force from the gnoll!
You kill the gnoll!
Vehumet accepts your kill.
You feel life coursing into your body.
You see here a +0 spear.
t - a +0 spear Adjust (i)tems, (s)pells, or (a)bilities?
t - a +0 spear Adjust to which letter? (? for menu, Esc to quit)
r - a +0 spear;
t - 2 fuming purple potions
There is a stone staircase leading down here.
An iguana comes into view.
You open the door.
Found 3 poisoned darts and a spear.
Found a faded altar of an unknown god.
There is an open door here.
You see here 3 poisoned darts.
u - 3 poisoned darts
There is an open door here.
Found 6 poisoned darts.
You see here 6 poisoned darts.
u - 9 poisoned darts (gained 6)
The iguana bites you!
Ouch! That really hurt!
You closely miss the iguana. The iguana bites you.
* * * LOW HITPOINT WARNING * * *
Casting: Vampiric Draining (quite dangerous; 4% risk of failure)
Confirm with . or Enter, or press ? or * to list all spells.
The spell is quite dangerous to miscast (4% risk of failure)!
Continue anyway?
Aiming: Vampiric Draining (quite dangerous; 4% risk of failure)
Press: ? - help, Shift-Dir - straight line, f - iguana
Aim: an iguana You draw life force from the iguana!
You feel life coursing into your body.
The iguana hisses menacingly.
The iguana bites you!
Ouch! That really hurt!
You die...

######.##<†........#
#......##........).#
#.####.##.######.#.#
#.......#............
####.#####.########.#.###
#....#8.8#....# #.#r#
#.8###.).###8.#####.# #
#..'..._...+.l......#
#.8###...###8@#.#
#....#8.8#......#
##...#####.....##
##.........####
#.........# ###########


You could see an iguana.

Vanquished Creatures
  A gnoll (D:2)
  An adder (D:2)
  A dart slug (D:1)
  4 endoplasms
  8 goblins
  3 hobgoblins
  A quokka (D:1)
  6 ball pythons
  4 bats
  4 frilled lizards
  4 kobolds
37 creatures vanquished.

Notes
Turn   | Place    | Note
-------+----------+-------------------------------------------
     0 | D:1      | Esekla the Deep Elf Necromancer began the quest for the
                  | Orb.
     0 | D:1      | Reached XP level 1. HP: 10/10 MP: 6/6
   276 | D:4      | Found a glowing silver altar of Zin.
   287 | D:4      | Found an iron altar of Okawaru.
   298 | D:4      | Found a radiant altar of Vehumet.
   302 | D:4      | Became a worshipper of Vehumet
   452 | D:3      | Reached skill level 5 in Necromancy
   505 | D:3      | Reached XP level 2. HP: 11/15 MP: 8/8
   812 | D:3      | Identified the +5 rapier of the Hero {heavy, rN+ Dex+3}
   832 | D:2      | Found Renulab's Jewellery Shop.
  1070 | D:2      | Reached XP level 3. HP: 12/19 MP: 9/9
  1074 | D:2      | Learned a level 3 spell: Vampiric Draining
  1269 | D:1      | Reached * piety under Vehumet
  1269 | D:1      | Offered knowledge of Sandblast by Vehumet.
  1274 | D:1      | Learned a level 3 spell: Teleport Other
  1276 | D:1      | Learned a level 1 spell: Sandblast
  1565 | D:2      | Found a faded altar of an unknown god.
  1590 | D:2      | Slain by an iguana

Illustrated notes

Levels and vault maps discovered:
D:1:      sevenhm_arrival_forest_fort_small_3, layout_rooms,
          chequers_serial_rivers_room_b, minmay_misc_feat_five
D:2:      layout_loops_ring, dreamdust_ecumenical_altar_angels_and_demons,
          serial_shops, shop
D:3:      layout_basic, grunt_temple_overflow_open, minmay_misc_feat_iff
D:4:      layout_basic, nicolae_overflow_quartered_altars, serial_shops,
          nicolae_diamond_shop

Skill      XL: |  1  2 |
---------------+-------+-----
Necromancy     | 5 |  5.4
Dodging        | 3 |  3.9
Short Blades   | |  0.1
Stealth        | |  2.9
Spellcasting   | |  3.3
Translocations | |  0.1

Action                     || total
---------------------------++-------
  Melee: Short sword       ||    29
         Unarmed           ||     9
         Dagger            ||    58
         Rapier            ||     8
         Punch             ||     1
   Cast: Vampiric Draining ||     3
    Use: Scroll            ||     1
   Stab: Sleeping          ||     3
 Armour: Robe              ||    49
  Dodge: Dodged            ||    89
